 Dungeon Crawl Stone Soup version 0.23.2-1-ga50397a6bc (webtiles) character file.

Game seed: 5136392408960406075

32 Cartoonfrog the Caller (level 3, 0/24 HPs)
             Began as a Merfolk Summoner on May 25, 2019.
             Succumbed to an adder's poison
             ... on level 2 of the Dungeon on May 26, 2019.
             The game lasted 00:52:42 (2751 turns).

Cartoonfrog the Caller (Merfolk Summoner)           Turns: 2751, Time: 00:52:43

Health: 0/24       AC:  2    Str:  8    XL:     3   Next: 27%
Magic:  0/6        EV: 13    Int: 15    God:
Gold:   42         SH:  0    Dex: 14    Spells: 3/6 levels left

rFire    . . .     SeeInvis .   g - +0 dagger
rCold    . . .     Gourm    .   (no shield)
rNeg     . . .     Faith    .   a - +0 robe
rPois    .         Spirit   .   (no helmet)
rElec    .         Reflect  .   (no cloak)
rCorr    .         Harm     .   (no gloves)
MR       .....                  (no boots)
Stlth    ++........             (no amulet)
HPRegen  0.08/turn              (no ring)
MPRegen  0.10/turn              (no ring)

@: lethally poisoned (0 -> -2)
A: change form in water, swift swim, stealthy swim
a: no special abilities


You were on level 2 of the Dungeon.
You were very hungry.

You visited 1 branch of the dungeon, and saw 2 of its levels.

You collected 42 gold pieces.

Inventory:

Hand Weapons
 b - a +0 club
 g - a +0 dagger (weapon)
Missiles
 e - 81 bolts
Armour
 a - a +0 robe (worn)
 f - a +0 leather armour
 j - a +0 scale mail
Scrolls
 d - 2 scrolls of teleportation {unknown}
 h - a scroll of remove curse {unknown}
 k - 2 scrolls of fear {unknown}
 l - a scroll of identify {unknown}
 m - a scroll of magic mapping {unknown}
Potions
 i - a potion of brilliance {unknown}
Comestibles
 c - 6 rations


   Skills:
 + Level 0.4 Short Blades
 - Level 0.1 Maces & Flails
 + Level 3.2 Dodging
 + Level 2.3 Stealth
 + Level 2.2 Spellcasting
 + Level 4.5 Summonings


You had 3 spell levels left.
You knew the following spells:

 Your Spells              Type           Power        Failure   Level  Hunger
a - Summon Small Mammal   Summ           ###.         3%          1    #......
b - Call Imp              Summ           ###.....     4%          2    ###....

Your spell library contained the following spells:

 Spells                   Type           Power        Failure   Level  Hunger
 Call Canine Familiar     Summ           ###.....     10%         3    ###....
 Summon Guardian Golem    Hex/Summ       #.......     26%         3    ###....
 Summon Ice Beast         Ice/Summ       #.......     65%         4    #####..
 Summon Lightning Spire   Summ/Air       #.......     65%         4    #####..


Dungeon Overview and Level Annotations

Branches:
Dungeon (2/15)

Altars:

Annotations:
D:2 Terence


Message History

* * * LOW HITPOINT WARNING * * *
The adder misses you.
Your bat hits the adder but does no damage.
The worm completely misses your crimson imp.
The kobold hits your bat with a +0 short sword.
Your bat misses the kobold. Your bat misses the kobold.
Your bat hits the kobold. The kobold closely misses your bat.
* * * LOW HITPOINT WARNING * * *
You feel sick.
Your bat hits the kobold but does no damage.
Your crimson imp hits the kobold.
The kobold dies!
The adder bites you.
* * * LOW HITPOINT WARNING * * *
Your bat hits the adder but does no damage.
The worm barely misses your white imp.
Your bat closely misses the adder.
Your bat hits the adder. The adder closely misses you.
You die...

#######
##..@..##
##.......##
#.....S...#
#.........#
#....b..$.#
#.........#
#...55....#
##.......##
#....)....##


You could see an adder, a friendly crimson imp, a friendly white imp and a
friendly bat.

Vanquished Creatures
  2 bats
  A giant cockroach (D:1)
  A goblin (D:1)
  3 hobgoblins
  3 kobolds
  A frilled lizard (D:1)
  2 rats (D:1)
13 creatures vanquished.

Vanquished Creatures (collateral kills)
  7 bats
  7 goblins
  2 hobgoblins (D:1)
  7 kobolds
  3 rats (D:1)
26 creatures vanquished.

Grand Total: 39 creatures vanquished

Notes
Turn   | Place    | Note
-------+----------+-------------------------------------------
     0 | D:1      | Cartoonfrog the Merfolk Summoner began the quest for the
                  | Orb.
     0 | D:1      | Reached XP level 1. HP: 13/13 MP: 3/3
   338 | D:1      | Reached XP level 2. HP: 19/19 MP: 3/5
  1305 | D:2      | Reached XP level 3. HP: 24/24 MP: 3/6
  1485 | D:2      | Noticed Terence
  1923 | D:2      | HP: 1/24 [Terence/+0 hand axe of electrocution (12)]
  2385 | D:1      | Learned a level 2 spell: Call Imp
  2747 | D:2      | HP: 1/24 [adder (1)]
  2751 | D:2      | Succumbed to an adder's poison

Skill      XL: |  1 |
---------------+----+-----
Dodging        | 3 |  3.2
Short Blades   | |  0.4
Maces & Flails | |  0.1
Stealth        | |  2.3
Spellcasting   | |  2.2
Summonings     | |  4.5

Action                   || total
-------------------------++-------
Melee: Club              ||    24
       Tailslap          ||     2
       Dagger            ||    64
 Cast: Summon Small Mamm ||    62
       Call Imp          ||     5
 Stab: Distracted        ||     1
  Eat: Chunk             ||     3
       Ration            ||     1
Armor: Robe              ||    25
       Scale mail        ||    32
       Leather armour    ||     1
Dodge: Dodged            ||    98
